 Dungeon Crawl Stone Soup version 0.29-a0-378-gc08b2e8bf8 (webtiles) character file.

Game seed: 57472749032549568

25 Agony the Skirmisher (level 3, -8/33 HPs)
             Began as a Hill Orc Fighter on May 5, 2022.
             Succumbed to a goblin's poison
             ... on level 2 of the Dungeon.
             The game lasted 00:02:19 (1141 turns).

Agony the Skirmisher (Hill Orc Fighter)             Turns: 1141, Time: 00:02:20

Health: -8/33      AC:  8    Str: 20    XL:     3   Next: 4%
Magic:  3/3        EV:  9    Int:  8    God:
Gold:   23         SH:  4    Dex: 10    Spells: 2/2 levels left

rFire   . . .      SeeInvis .   a - +0 war axe
rCold   . . .      Faith    .   c - +0 buckler
rNeg    . . .      Spirit   .   b - +0 scale mail
rPois   .          Reflect  .   (no helmet)
rElec   .          Harm     .   (no cloak)
rCorr   .          Rampage  .   f - +0 pair of gloves
Will    .....                   (no boots)
Stlth   ..........              (no amulet)
HPRegen 0.11/turn               (no ring)
MPRegen 0.08/turn               (no ring)

@: mighty, lethally poisoned (-8 -> -42)
A: no striking features
a: no special abilities


You were on level 2 of the Dungeon.
You visited 1 branch of the dungeon, and saw 2 of its levels.

You collected 23 gold pieces.

Inventory:

Hand Weapons
 a - a +0 war axe (weapon)
Armour
 b - a +0 scale mail (worn)
 c - a +0 buckler (worn)
 f - a +0 pair of gloves (worn)


   Skills:
 + Level 3.9 Fighting
 + Level 3.1 Axes
 + Level 3.5 Armour
 + Level 0.7 Dodging
 + Level 3.5 Shields


You had 2 spell levels left.
You didn't know any spells.
Your spell library was empty.

Dungeon Overview and Level Annotations

Branches:
Dungeon (2/15)

Altars:


Message History

You are poisoned.
The adder poisons you!
The goblin unwields a +1 hunting sling of freezing.
The goblin wields a +0 dagger of venom.
It begins to drip with poison!
The goblin hits you but does no damage.
You are more poisoned.
The adder bites you.
The goblin hits you with a +0 dagger of venom.
You are lethally poisoned!
You closely miss the adder.
The adder is almost dead.
You closely miss the goblin.
You feel extremely sick. The adder bites you but does no damage.
The goblin hits you but does no damage. The adder bites you but does no damage.
You are too injured to fight recklessly!
You are too injured to fight recklessly!
You are too injured to fight recklessly!
You are too injured to fight recklessly!
You hit the adder.
The adder is almost dead.
You barely miss the goblin.
You feel very sick. The adder bites you.
* * * LOW HITPOINT WARNING * * *
The goblin hits you but does no damage.
You are more poisoned.
You feel very mighty all of a sudden.
* * * LOW HITPOINT WARNING * * *
You feel very sick. The adder bites you.
* * * LOW HITPOINT WARNING * * *
You are more poisoned.
The adder poisons you! The goblin hits you but does no damage.
You are more poisoned.
The adder bites you but does no damage.
You miss the adder.
The adder is almost dead.
You miss the goblin.
You die...

.......... ..........
...=.....# ........#..##
#......##..#
###......##..#
...!...S.#...######
......g@.#...+....##
.........#...#.....###
........†###.#......<###
......#..............#..
#.....#.....#...........
#..?..#.....#...........
#..............###......
.............#+# ##.#...
.............. #.#...


You could see an adder and a goblin.

Vanquished Creatures
  A dart slug (D:1)
  A ball python (D:1)
  3 endoplasms
  3 goblins (D:1)
  2 jackals (D:1)
  A quokka (D:1)
  2 bats (D:1)
  3 frilled lizards (D:1)
  2 kobolds (D:1)
  5 rats
23 creatures vanquished.

Notes
Turn   | Place    | Note
-------+----------+-------------------------------------------
     0 | D:1      | Agony the Hill Orc Fighter began the quest for the Orb.
     0 | D:1      | Reached XP level 1. HP: 19/19 MP: 1/1
   142 | D:1      | Reached XP level 2. HP: 6/27 MP: 2/2
   148 | D:1      | HP: 1/27 [goblin/+0 dagger (1)]
   900 | D:2      | Reached XP level 3. HP: 31/33 MP: 3/3
  1140 | D:2      | HP: 1/33 [adder (1)]
  1141 | D:2      | Succumbed to a goblin's poison

Illustrated notes

Levels and vault maps discovered:
D:1:      ncdulo_lavacross, layout_rooms
D:2:      layout_basic, serial_shops, nicolae_square_shop,
          ebering_ecumenical_altar_webs, minmay_puff

Skill      XL: |  1  2 |
---------------+-------+-----
Axes           | 3 |  3.1
Fighting       | |  3.9
Armour         | |  3.5
Dodging        | |  0.7
Shields        | |  3.5

Action                   || total
-------------------------++-------
Melee: War axe           ||    81
  Use: Scroll            ||     2
       Potion            ||     1
Armor: Scale mail        ||    42
Dodge: Dodged            ||    41
Block: Buckler           ||    20

Table legend: (Time is in decaauts)
 A = Elapsed time spent in this place.
 B = Non-inter-level travel time spent in this place.
 C = Inter-level travel time spent in this place.
 D = Time resting spent in this place.
 E = Time spent auto-exploring this place.
 F = Levels seen in this place.
 G = Mean time per level.
                   A        B        C        D        E       F      G
               +--------+--------+--------+--------+--------+-----+--------+
         Total |   1172 |   1157 |     15 |    484 |    468 |   2 |  586.0 |
       Dungeon |   1172 |   1157 |     15 |    484 |    468 |   2 |  586.0 |
               +--------+--------+--------+--------+--------+-----+--------+

Top non-repeatable levels by time:
     D:1: 910 daAuts
     D:2: 262 daAuts
